 Dungeon Sprint DCSS version 0.15-a0-2099-gfb1bfb9 (webtiles) character file.

6521 fransbal the Imperceptible (level 11, -3/166 HPs)
             Began as a Naga Assassin on July 15, 2014.
             Was the Champion of Zin.
             Slain by a demonic crawler (6 damage)
             ... in the Dungeon (Sprint I: "Red Sonja").
             The game lasted 00:09:39 (1503 turns).

fransbal the Imperceptible (Naga Assassin)          Turns: 1503, Time: 00:09:40

HP  -3/166       AC  9     Str 19      XL: 11   Next:  0%
MP  11/11        EV 11     Int 12      God: Zin [******]
Gold 217         SH  0     Dex 19      Spells:  0 memorised, 10 levels left

rFire  . . .     SeeInvis +     a - +2 dagger
rCold  . . .     Clarity  .     c - +0 robe
rNeg   . . .     rCorr    .     (no shield)
rPois  +         rRot     .     (no helmet)
rElec  .         Spirit   .     d - +0 cloak
SustAb .         Warding  .     (no gloves)
rMut   .         NoTele   +     q - +0 naga barding
Gourm  .                        r - cursed amulet of inaccuracy
MR     +....                    t - cursed -4 ring of evasion
                                h - ring "Ziophea" {Dex+4 Stlth++}

@: berserking (expiring), quick, somewhat resistant to hostile enchantments,
extremely unstealthy
A: spit poison, see invisible, deformed body, poison resistance, slowness 2, AC
+3
a: Spit Poison, Recite, Vitalisation, Imprison, Sanctuary, Cure All Mutations,
Renounce Religion


You were in the Dungeon.
You worshipped Zin.
Zin was exalted by your worship.
You were not hungry.

You visited 1 branch You collected 978 gold pieces.
You spent 739 gold pieces at shops.
You donated 22 gold pieces to Zin.

Inventory:

Hand weapons
 a - a +2 dagger (weapon)
 n - a +6 blowgun
Missiles
 e - 7 poisoned needles
 f - 11 curare-tipped needles
 o - 6 needles of slowing
Armour
 c - a +0 robe (worn)
 d - a +0 cloak (worn)
 q - a +0 naga barding (worn)
Comestibles
 g - a bread ration
Scrolls
 m - 2 scrolls of blinking
Jewellery
 h - the ring "Ziophea" (left hand) {Dex+4 Stlth++}
   (You bought it in a shop in the Dungeon)

   [ring of dexterity]

   It affects your dexterity (+4).
   It makes you much more stealthy.
 r - a cursed amulet of inaccuracy (around neck)
 t - a cursed -4 ring of evasion (right hand)
Potions
 b - 2 potions of curing
 i - a potion of heal wounds
 j - a potion of haste
 k - 2 potions of magic
 s - a potion of invisibility {unknown}


   Skills:
 + Level 11.5 Fighting
 - Level 10.4 Short Blades
 + Level 9.6 Throwing
 + Level 9.7 Dodging
 - Level 21.0 Stealth


You had 10 spell levels left.
You didn't know any spells.

Dungeon Overview and Level Annotations

Branches:
Dungeon (1/1)

Altars:
Cheibriados
Dithmenos
Elyvilon
Fedhas
Gozag
Kikubaaqudgha
Makhleb
Nemelex Xobeh
Okawaru
Qazlal
Sif Muna
Trog
Vehumet
Xom
Yredelemnul
Zin
The Shining One
Jiyva

Shops:
D %***(*[

Annotations:
D exclusion: oklob plant


Innate Abilities, Weirdness & Mutations

You cannot wear boots.
You can spit poison.
Your serpentine skin is tough (AC +3).
You have supernaturally acute eyesight.
Armour fits poorly on your strangely shaped body.
Your system is resistant to poisons.
You cover ground very slowly.


Message History

* * * LOW HITPOINT WARNING * * *
You hit the demonic crawler.
The demonic crawler is severely wounded.
You puncture the demonic crawler!
The demonic crawler is almost dead.
The demonic crawler waves its antennae.
The demonic crawler hits you but does no damage.
The demonic crawler hits you! Zin protects you from harm!
The demonic crawler closely misses you.
You hit the demonic crawler.
The demonic crawler is almost dead.
You hit the demonic crawler but do no damage.
The demonic crawler is almost dead.
The demonic crawler hits you.
* * * LOW HITPOINT WARNING * * *
The demonic crawler hits you!
* * * LOW HITPOINT WARNING * * *
The demonic crawler hits you.
You die...

##################
.#.)'..#__#..'..)#
)'..#..'..'..#...##+#
'#####'#__####).@ss.#
.#...#.####§.#####s.+
##..##.#≈≈§§§#§.# +##
_##'#..'≈≈≈§§'§.#
..'..._#§§(§§#§.#
_##_.#'##)#####+#
_###'#.#().(###P+
####.####'###.###
..'...'.....'(∩#


You could see 3 demonic crawlers.

Vanquished Creatures
  2 centaur warriors (D)
  A deep troll (D)
  8 shining eyes (D)
  2 kobold demonologists (D)
  A demonic crawler (D)
  Sonja (D)
  A slime creature (D)
  A yak (D)
  A yellow wasp (D)
  An ogre (D)
  Sigmund (D)
  A jelly (D)
  Ijyb (D)
  5 giant eyeballs (D)
  A giant spore (D)
  4 ballistomycetes (D)
32 creatures vanquished.

Vanquished Creatures (others)
  A gargoyle (D)
  3 yellow wasps (D)
  A giant spore (D)
5 creatures vanquished.

Grand Total: 37 creatures vanquished

Notes
Turn   | Place    | Note
--------------------------------------------------------------
     0 | D        | fransbal, the Naga Assassin, began the quest for the Orb.
     0 | D        | Reached XP level 1. HP: 19/19 MP: 1/1
     1 | D        | Noticed Ijyb
    15 | D        | Killed Ijyb
    15 | D        | Reached skill level 9 in Stealth
    15 | D        | Reached XP level 2. HP: 19/26 MP: 2/2
    97 | D        | Noticed an ogre
    99 | D        | Killed an ogre
    99 | D        | Reached skill level 14 in Stealth
    99 | D        | Reached XP level 3. HP: 32/32 MP: 3/3
    99 | D        | Reached XP level 4. HP: 39/39 MP: 4/4
   110 | D        | Noticed Sigmund
   112 | D        | Killed Sigmund
   112 | D        | Reached skill level 15 in Stealth
   112 | D        | Reached XP level 5. HP: 45/45 MP: 5/5
   129 | D        | Found a deep blue altar of Sif Muna.
   130 | D        | Noticed a jelly
   131 | D        | Found a radiant altar of Vehumet.
   135 | D        | Killed a jelly
   135 | D        | Reached skill level 5 in Short Blades
   147 | D        | Killed a yellow wasp
   158 | D        | Found Yxarusch's Assorted Antiques.
   158 | D        | Found a white marble altar of Elyvilon.
   158 | D        | Found a stormy altar of Qazlal.
   158 | D        | Found a basalt altar of Yredelemnul.
   158 | D        | Found an iron altar of Okawaru.
   158 | D        | Found a sparkling altar of Nemelex Xobeh.
   158 | D        | Found a shimmering altar of Xom.
   158 | D        | Found an ancient bone altar of Kikubaaqudgha.
   158 | D        | Noticed a yak
   159 | D        | Found a burning altar of Makhleb.
   159 | D        | Found a glowing golden altar of the Shining One.
   159 | D        | Found an opulent altar of Gozag.
   159 | D        | Found a glowing silver altar of Zin.
   160 | D        | Killed a yak
   160 | D        | Reached skill level 17 in Stealth
   160 | D        | Reached XP level 6. HP: 52/52 MP: 6/6
   161 | D        | Found a bloodstained altar of Trog.
   166 | D        | Bought a potion of heal wounds for 69 gold pieces
   166 | D        | Bought a potion of heal wounds for 69 gold pieces
   169 | D        | Became a worshipper of Zin the Law-Giver
   169 | D        | Acquired Zin's first power
   169 | D        | Acquired Zin's second power
   169 | D        | Acquired Zin's third power
   169 | D        | Acquired Zin's fourth power
   184 | D        | Noticed Sonja
   188 | D        | Killed Sonja
   188 | D        | Reached skill level 18 in Stealth
   188 | D        | Reached XP level 7. HP: 59/66 MP: 7/7
   288 | D        | Found Oxkuec's Food Boutique.
   456 | D        | Found a viscous altar of Jiyva.
   456 | D        | Found a blossoming altar of Fedhas.
   456 | D        | Noticed a slime creature
   457 | D        | Found a snail-covered altar of Cheibriados.
   457 | D        | Found a shadowy altar of Dithmenos.
   459 | D        | Killed a slime creature
   459 | D        | Reached skill level 5 in Fighting
   477 | D        | Noticed a shining eye
   477 | D        | Noticed a shining eye
   478 | D        | Noticed a shining eye
   478 | D        | Noticed a shining eye
   478 | D        | Noticed a shining eye
   478 | D        | Noticed a shining eye
   479 | D        | Noticed a shining eye
   481 | D        | Killed a shining eye
   481 | D        | Reached skill level 5 in Dodging
   481 | D        | Reached skill level 19 in Stealth
   481 | D        | Reached XP level 8. HP: 75/78 MP: 8/8
   483 | D        | Noticed a shining eye
   484 | D        | Killed a shining eye
   491 | D        | Killed a shining eye
   491 | D        | Reached skill level 5 in Throwing
   491 | D        | Reached XP level 9. HP: 82/88 MP: 9/9
   504 | D        | Paralysed by a giant eyeball for 4 turns
   514 | D        | Killed a shining eye
   514 | D        | Reached skill level 20 in Stealth
   547 | D        | Killed a shining eye
   594 | D        | Killed a shining eye
   594 | D        | Reached skill level 10 in Short Blades
   613 | D        | Killed a shining eye
   613 | D        | Reached XP level 10. HP: 99/99 MP: 10/10
   645 | D        | Killed a shining eye
   645 | D        | Reached skill level 21 in Stealth
   647 | D        | Found Onank's General Store.
   647 | D        | Found Khing's Assorted Antiques.
   648 | D        | Found Buazel's Antique Weapon Shop.
   648 | D        | Found Khoics' Assorted Antiques.
   660 | D        | Bought a warped turquoise ring for 90 gold pieces
   661 | D        | Identified the ring "Ziophea" {Dex+4 Stlth++} (You bought it in a shop in the Dungeon)
   664 | D        | Bought a +0 naga barding for 299 gold pieces
   711 | D        | Noticed a deep troll
   722 | D        | Killed a gargoyle
   732 | D        | Killed a deep troll
   732 | D        | Reached skill level 10 in Fighting
   751 | D        | Found Pramarch's Armour Emporium.
   843 | D        | Noticed a centaur warrior
   843 | D        | Noticed a centaur warrior
   873 | D        | Killed a centaur warrior
   883 | D        | Killed a centaur warrior
   945 | D        | Killed a yellow wasp
   947 | D        | Killed a yellow wasp
  1123 | D        | Noticed a yellow wasp
  1126 | D        | Killed a yellow wasp
  1136 | D        | Noticed an oklob plant
  1392 | D        | Bought a scroll of blinking for 97 gold pieces
  1417 | D        | Bought a pearl ring for 115 gold pieces
  1439 | D        | Noticed a kobold demonologist
  1440 | D        | Noticed a kobold demonologist
  1451 | D        | Killed a kobold demonologist
  1462 | D        | Killed a kobold demonologist
  1478 | D        | Noticed a demonic crawler
  1478 | D        | Noticed a demonic crawler
  1478 | D        | Noticed a demonic crawler
  1478 | D        | Noticed a demonic crawler
  1480 | D        | Killed a demonic crawler
  1480 | D        | Reached XP level 11. HP: 111/111 MP: 11/11
  1501 | D        | Zin protects you from harm!
  1503 | D        | HP: 3/166 [demonic crawler (8)]
  1503 | D        | Slain by a demonic crawler

Action                   |  1- 3 |  4- 6 |  7- 9 | 10-12 || total
-------------------------+-------+-------+-------+-------++-------
Melee: Dagger            |     1 |     4 |   162 |   123 ||   290
 Fire: Blowgun           |     7 |       |       |    17 ||    24
Invok: Vitalisation      |       |     1 |     2 |     1 ||     4
 Abil: Spit Poison       |     1 |       |       |       ||     1
  Use: Potion            |     1 |       |       |     3 ||     4
 Stab: Sleeping          |     1 |     4 |     9 |     3 ||    17
  Eat: Beef jerky        |       |       |       |     1 ||     1
